 Dungeon Crawl Stone Soup version 0.27.1-1-g398f81649c (webtiles) character file.

Game seed: 1472776436430369620

1620 ZARRMARR the Covert (level 8, -7/57 HPs)
             Began as an Octopode Brigand on Sept 9, 2021.
             Killed by divine providence
             ... invoked by an orc priest
              (12 damage)
             ... on level 5 of the Dungeon.
             The game lasted 00:11:47 (5168 turns).

ZARRMARR the Covert (Octopode Brigand)              Turns: 5168, Time: 00:11:48

Health: -7/57      AC:  1    Str: 11    XL:     8   Next: 96%
Magic:  8/8        EV: 16    Int: 15    God:
Gold:   250        SH:  0    Dex: 19    Spells: 7/7 levels left

rFire    . . .     SeeInvis .   a - +2 dagger
rCold    . . .     Faith    .   (no shield)
rNeg     . . .     Spirit   .   (helmet restricted)
rPois    .         Reflect  .   (no amulet)
rElec    .         Harm     .   f - +6 ring of dexterity
rCorr    .         Rampage  .   l - ring of willpower
Will     +....                  (no ring)
Stlth    +++++.....             (no ring)
HPRegen  0.19/turn              (no ring)
MPRegen  0.11/turn              (no ring)
                                (no ring)
                                (no ring)

@: no status effects
A: almost no armour, amphibious, 8 rings, camouflage 1, gelatinous body 1,
(nimble swimmer 1), tentacles
a: no special abilities


You were on level 5 of the Dungeon.
You visited 2 branches of the dungeon, and saw 8 of its levels.

You collected 250 gold pieces.

Inventory:

Hand Weapons
 a - a +2 dagger (weapon)
Missiles
 b - 12 poisoned darts (quivered)
 c - 2 curare-tipped darts
 h - 7 boomerangs
Jewellery
 f - a +6 ring of dexterity (left tentacle)
 l - a ring of willpower (right tentacle)
Scrolls
 d - a scroll of amnesia
 e - 2 scrolls of teleportation
 g - a scroll of magic mapping
 j - a scroll of blinking
 n - 2 scrolls of enchant weapon {unknown}
 q - a scroll of silence {unknown}
Potions
 i - a potion of invisibility {unknown}
 k - a potion of magic {unknown}
 m - a potion of lignification {unknown}
 o - a potion of curing {unknown}
 p - a potion of degeneration {unknown}
 r - a potion of mutation {unknown}


   Skills:
 + Level 5.8 Fighting
 + Level 5.8 Short Blades
 - Level 2.0 Throwing
 + Level 5.4 Dodging
 + Level 9.5 Stealth


You had 7 spell levels left.
You didn't know any spells.
Your spell library was empty.

Dungeon Overview and Level Annotations

Branches:
Dungeon (7/15)             Temple (1/1) D:7

Altars:
Cheibriados
Dithmenos
Elyvilon
Fedhas
Gozag
Hepliaklqana
Nemelex Xobeh
Qazlal
Trog
Vehumet
Wu Jian
Yredelemnul
Zin
The Shining One


Innate Abilities, Weirdness & Mutations

You cannot wear most types of armour.
You are amphibious.
You can wear up to eight rings at the same time.
Your skin changes colour to match your surroundings (Stealth+).
Your rubbery body absorbs attacks. (AC +1, EV +1)
((You are camouflaged near water. (Stealth+)))
You have tentacles for arms and can constrict up to eight enemies at once.


Message History

You hit the orc but do no damage.
The orc is almost dead.
You constrict the orc, but do no damage.
An ogre comes into view. It is wielding a +0 giant club.
The orc hits you with a +0 war axe.
You hit the orc but do no damage. Your squeeze misses the orc.
The orc is almost dead.
You constrict the orc.
You kill the orc!
You hit the orc priest but do no damage.
You grab the orc priest. You constrict the orc priest. You hit the orc priest.
You squeeze the orc priest!
The orc priest is severely wounded.
You constrict the orc priest. The orc priest closely misses you.
The orc priest invokes the aid of Beogh against you.
Beogh smites you!
You hit the orc priest.
You kill the orc priest!
The orc priest invokes the aid of Beogh against you.
Beogh smites you!
You are too injured to fight recklessly!
You are too injured to fight recklessly!
You are too injured to fight recklessly!
You are too injured to fight recklessly!
You are too injured to fight recklessly!
You are too injured to fight recklessly!
You are too injured to fight recklessly!
You are too injured to fight recklessly!
Unknown command.
A magic dart appears from out of thin air!
The magic dart hits you.
The orc priest calls down the wrath of Beogh upon you.
Beogh smites you!
* * * LOW HITPOINT WARNING * * *
A puff of flame appears from out of thin air!
The puff of flame misses you.
There is a stone staircase leading up here.
The orc priest mumbles some strange prayers to Beogh against you.
Beogh smites you!
You die...

>##
.....##########
#...)Oo...o.#
#######.###.#
#.# #.# #.# #.#
#.# #.# #.# #@#
#.# #.# ..# #..
#### ... ..#
... ##


You could see an orc priest.

Vanquished Creatures
  Maggie (D:6)
  A sky beast (D:6)
  4 black bears
  An ogre (D:6)
  The ghost of AttackTheMoon the Magician, an amateur GnWz (D:3)
  2 bullfrogs
  3 scorpions (D:4)
  A hound (D:4)
  A jelly (D:3)
  An orc priest (D:5)
  3 iguanas
  2 orc wizards
  A hound skeleton (D:4)
  A mummy (D:4)
  5 adders
  A white imp (D:3)
  A worm (D:2)
  3 dart slugs
  13 orcs
  9 ball pythons
  7 bats
  5 endoplasms
  5 goblins
  2 hobgoblins
  7 kobolds
  2 quokkas
  4 frilled lizards (D:1)
  7 rats
94 creatures vanquished.

Vanquished Creatures (collateral kills)
  An orc warrior (D:7)
1 creature vanquished.

Grand Total: 95 creatures vanquished

Notes
Turn   | Place    | Note
-------+----------+-------------------------------------------
     0 | D:1      | ZARRMARR the Octopode Brigand began the quest for the Orb.
     0 | D:1      | Reached XP level 1. HP: 14/14 MP: 1/1
    65 | D:1      | Found a faded altar of an unknown god.
   123 | D:1      | Reached XP level 2. HP: 19/19 MP: 2/2
   831 | D:2      | Reached XP level 3. HP: 25/25 MP: 3/3
  1727 | D:3      | Reached XP level 4. HP: 30/30 MP: 4/4
  1923 | D:3      | Reached skill level 6 in Stealth
  1953 | D:3      | Found a faded altar of an unknown god.
  1953 | D:3      | Found a hazy altar of Hepliaklqana.
  1953 | D:3      | Found a faded altar of an unknown god.
  2229 | D:3      | Found a runed translucent gate.
  2229 | D:3      | Found a runed translucent gate.
  2232 | D:3      | Found an opulent altar of Gozag.
  2233 | D:3      | Found a runed translucent gate.
  2237 | D:3      | Noticed AttackTheMoon's ghost (amateur GnWz)
  2829 | D:4      | Noticed a bullfrog
  2834 | D:4      | Killed a bullfrog
  2835 | D:4      | Reached XP level 5. HP: 36/36 MP: 5/5
  2859 | D:4      | You fall into a shaft and drop 3 floors!
  2859 | D:7      | Found a white marble altar of Elyvilon.
  2862 | D:7      | Found a glowing silver altar of Zin.
  2865 | D:7      | Found a staircase to the Ecumenical Temple.
  2867 | D:7      | Noticed a black bear
  2873 | D:7      | Killed a black bear
  2874 | D:7      | Reached XP level 6. HP: 42/42 MP: 6/6
  2881 | Temple   | Entered the Ecumenical Temple
  2967 | D:6      | Noticed an orc warrior
  3171 | D:7      | Killed an orc warrior
  3172 | D:7      | Reached skill level 7 in Stealth
  3449 | D:6      | Noticed a sky beast
  3454 | D:6      | Killed a sky beast
  3455 | D:6      | Reached XP level 7. HP: 48/48 MP: 7/7
  3501 | D:6      | Noticed Maggie
  3506 | D:6      | Killed Maggie
  3507 | D:6      | Reached skill level 8 in Stealth
  3507 | D:6      | Reached XP level 8. HP: 54/54 MP: 8/8
  3585 | D:5      | Entered Level 5 of the Dungeon
  3630 | D:4      | Reached skill level 5 in Fighting
  3630 | D:4      | Reached skill level 5 in Short Blades
  3857 | D:4      | Reached skill level 5 in Dodging
  3859 | D:4      | Reached skill level 9 in Stealth
  4878 | D:3      | Killed AttackTheMoon's ghost
  5168 | D:5      | Killed from afar by an orc priest

Illustrated notes

Levels and vault maps discovered:
D:1:      dpeg_arrival_stonehenge_8_columns, layout_basic,
          shapermc_ecumenical_altar_gd
D:2:      layout_loops_ring, serial_rivers, chequers_serial_rivers_small_3,
          chequers_serial_rivers_micro_e, chequers_serial_rivers_micro_d,
          chequers_serial_rivers_large_a
D:3:      layout_loops_corners, nicolae_hepliaklqana_ecumenical_no_more,
          ebering_ghost_gozag, serial_park_tiny_2
D:4:      layout_rooms, gup_ossuary_entry_pyramid, kennysheep_generic_room_13
D:5:      layout_loops_ring, amcnicky_mini_corridor_feature,
          minmay_ogre_servants
D:6:      layout_loops_ring, serial_shops, shop, uniq_crazy_yiuf_cottage,
          uniq_eustachio, uniq_maggie, uniq_grinder
D:7:      layout_loops_ring, makhleb_altar_promises_db,
          nicolae_ashenzari_panopticon, amethyst_overflow_temple_binary,
          minmay_temple_entry_statues_fountains, uniq_menkaure
Temple:   zaba_magenta_temple

Skill      XL: |  1  2  3  4  5  6  7  8 |
---------------+-------------------------+-----
Dodging        | 2 3 4 5 |  5.4
Stealth        | 6 7 8 9 |  9.5
Fighting       | 3 4 5 |  5.8
Short Blades   | 3 4 5 |  5.8
Throwing       | |  2.0

Action                   |  1- 3 |  4- 6 |  7- 9 || total
-------------------------+-------+-------+-------++-------
Melee: Dagger            |    56 |    34 |   121 ||   211
       Tentacles         |     5 |     5 |    39 ||    49
       Constrict         |     8 |     9 |    22 ||    39
Throw: Dart              |       |     2 |    13 ||    15
  Use: Scroll            |     3 |     3 |     2 ||     8
 Stab: Sleeping          |    16 |     9 |     7 ||    32
Armor: Skin              |     6 |     1 |     4 ||    11
Dodge: Dodged            |    24 |    19 |    86 ||   129
